 Dungeon Crawl Stone Soup version 0.27.1-4-g1640c2035a (webtiles) character file.

Game seed: 1517757854394335082

56914 Johnny the Fencer (level 15, -2/125 HPs)
             Began as a Human Berserker on Nov 2, 2021.
             Was a High Priest of Trog.
             Slain by Donald (4 damage)
             ... on level 2 of the Orcish Mines.
             The game lasted 00:18:25 (23752 turns).

Johnny the Fencer (Human Berserker)                Turns: 23752, Time: 00:18:26

Health: -2/125     AC: 13    Str: 22    XL:     15   Next: 24%
Magic:  0/15       EV: 15    Int:  9    God:    Trog [*****.]
Gold:   1392       SH:  0    Dex: 13    Spells: 14/14 levels left

rFire    . . .     SeeInvis .   o - +6 scimitar (flame)
rCold    . . .     Faith    .   (no shield)
rNeg     . . .     Spirit   +   U - +1 troll leather armour
rPois    .         Reflect  .   L - +2 hat
rElec    .         Harm     .   n - +0 cloak {Will+}
rCorr    .         Rampage  .   (no gloves)
Will     +++++                  p - +2 pair of boots
Stlth    +.........             S - amulet of guardian spirit
HPRegen  2.30/turn              b - +4 ring of slaying
MPRegen  0.14/turn              y - ring of willpower

@: about to teleport, strong-willed, on berserk cooldown, regenerating, slowed,
studying Evocations, very slow
A: no striking features
a: Renounce Religion, Berserk, Trog's Hand, Brothers in Arms


You were on level 2 of the Orcish Mines.
You worshipped Trog.
Trog was extremely pleased with you.
You visited 3 branches of the dungeon, and saw 19 of its levels.
You also visited: Sewer.

You collected 1392 gold pieces.

Inventory:

Hand Weapons
 o - a +6 scimitar of flaming (weapon)
 H - a +2 vorpal great sword
 J - a +3 scimitar of flaming
Missiles
 P - 2 throwing nets (quivered)
Armour
 n - a +0 cloak of willpower (worn)
 p - a +2 pair of boots (worn)
 L - a +2 hat (worn)
 M - the +7 ring mail "Lyto Yno" {Str+2}
   (You found it on level 1 of the Lair of Beasts)

   Str:       It affects your strength (+2).
 U - a +1 troll leather armour (worn)
Jewellery
 b - a +4 ring of slaying (left hand)
 h - a +6 ring of intelligence
 j - a ring of positive energy
 t - a ring of resist corrosion
 y - a ring of willpower (right hand)
 O - a ring of flight
 Q - a ring of ice
 S - an amulet of guardian spirit (around neck)
 T - a ring of protection from cold
Wands
 l - a wand of acid (18)
 w - a wand of polymorph (6)
 B - a wand of iceblast (37)
 D - a wand of flame (45)
 F - a wand of charming (21)
 K - a wand of mindburst (27)
 R - a wand of paralysis (8)
Scrolls
 d - a scroll of silence {unknown}
 g - a scroll of magic mapping
 i - 4 scrolls of fog
 k - 2 scrolls of amnesia
 q - 4 scrolls of immolation
 r - 2 scrolls of blinking
 u - 2 scrolls of fear
 v - a scroll of noise
 x - 2 scrolls of vulnerability
 I - a scroll of teleportation
 N - a scroll of brand weapon
Potions
 a - 7 potions of curing
 c - 5 potions of haste {unknown}
 e - 2 potions of brilliance {unknown}
 f - 4 potions of lignification {unknown}
 m - 2 potions of invisibility {unknown}
 s - 6 potions of heal wounds {unknown}
 z - 11 potions of ambrosia
 A - a potion of magic {unknown}
 C - 4 potions of attraction {unknown}
 E - 4 potions of might {unknown}
 G - 3 potions of degeneration {unknown}
 V - a potion of resistance {unknown}
 W - a potion of cancellation {unknown}


   Skills:
 + Level 13.9 Fighting
 + Level 16.9 Long Blades
 + Level 9.2 Armour
 + Level 9.2 Dodging


You had 14 spell levels left.
You didn't know any spells.
Your spell library was empty.

Dungeon Overview and Level Annotations

Branches:
Dungeon (11/15)            Temple (0/1) D:4            Lair (6/6) D:11
 Shoals (0/4) Lair:4        Snake (0/4) Lair:4        Slime (0/5) Lair:6
    Orc (2/2) D:9           Sewer (visited)
    Elf: Orc:2

Altars:
Ashenzari
Qazlal
Jiyva

Shops:
Orc:2 ([

Annotations:
D:6 3 runed translucent doors, AarnesTheHuman's ghost, novice BaFi
Lair:2 1 runed translucent door, Walther's ghost, journeyman MiFi
Lair:4 exclusion: oklob plant
Orc:2 Donald


Message History

The cyclops is moderately wounded.
You slice the stone giant!! You burn the stone giant.
The stone giant is almost dead.
The stone giant misses you.
You riposte.
You hit the stone giant. You burn the stone giant.
The stone giant is almost dead.
The cyclops hits you!!
Donald says, "At least there's gold.
That doesn't make up for it."
The cyclops completely misses you.
You riposte.
You slice the cyclops!! You burn the cyclops.
The cyclops is severely wounded.
You slash the stone giant! You burn the stone giant.
You kill the stone giant!
Trog accepts your kill.
You feel a strong urge to attack something.
You are no longer berserk.
You are exhausted.
You feel yourself slow down.
As you read the scroll of fear, it crumbles to dust.
You assume a fearsome visage.
The fungus is unaffected.
The cyclops looks frightened!
The fungus is unaffected.
The cyclops looks frightened!
The fungus is unaffected. x2
Donald resists with some effort.
Donald says, "I'll never be able to carry all this gold!
I hate that."
Donald hits you with a +3 long sword of pain!!
You writhe in agony.
As you read the scroll of teleportation, it crumbles to dust.
You feel strangely unstable. Donald completely misses you.
You riposte.
Donald blocks your attack.
Donald hits you with a +3 long sword of pain!
* * * LOW HITPOINT WARNING * * *
You writhe in agony.
* * * LOW HITPOINT WARNING * * *
Donald misses you.
Unknown command.
Okay, then.
Donald hits you with a +3 long sword of pain!!
* * * LOW HITPOINT WARNING * * *
You writhe in agony.
You die...

P...∩..8..##....##
P................##.
......P..............
P..C..(..#C.........#
....................###
....................#.#
....#..................
...<##@...............#
.....#@................
...#......#.............
........................
..#.......................
..#.......................
#.......................†..#
.........................$.#
...........................#
.....#......................


You could see Donald (fast, strong) and 2 cyclopes.

Vanquished Creatures
  A stone giant (Orc:2)
  A dire elephant (Lair:6)
  Snorg (Lair:3)
  2 ettins (Orc:2)
  Erolcha (Orc:1)
  4 hydras
  Harold (Orc:1)
  A catoblepas (Lair:2)
  A death yak (Lair:6)
  A deep troll shaman (Lair:6)
  Erica (D:11)
  Urug (D:11)
  Pikel (D:7)
  An orc sorcerer (Orc:2)
  2 cyclopes (Orc:2)
  Maurice (D:10)
  4 black mambas (Lair:2)
  24 elephants
  2 unseen horrors
  10 cane toads
  A gargoyle (D:11)
  An efreet (D:9)
  A kobold demonologist (D:7)
  2 rime drakes
  11 komodo dragons
  4 trolls
  A merfolk (Lair:4)
  2 polar bears (Lair:6)
  A queen bee (D:9)
  20 blink frogs
  A hornet (D:11)
  2 slime creatures (D:11)
  6 dream sheep (Lair:6)
  Grinder (D:3)
  Sigmund (D:3)
  A spriggan (D:9)
  A shadow (D:10)
  4 wyverns
  30 yaks
  A wraith (D:10)
  2 basilisks (Lair:4)
  A human (D:9)
  7 fire bats (Lair:5)
  3 steam dragons
  Menkaure (D:6)
  2 wargs
  An acid dragon (D:8)
  3 nagas (Lair:4)
  10 water moccasins
  6 orc warriors
  5 black bears
  4 sky beasts
  An ice beast (D:5)
  3 ogres
  6 centaurs
  A necrophage (D:5)
  9 wolves
  2 lemures (D:7)
  2 phantoms (D:6)
  A gnoll sergeant (D:7)
  20 bullfrogs
  2 wyvern zombies
  A scorpion (D:6)
  25 killer bees
  2 howler monkeys (D:8)
  2 electric eels (Lair:5)
  4 centaur zombies
  7 hounds
  19 orc priests
  A jelly (D:6)
  A bullfrog skeleton (D:5)
  An iguana (D:5)
  14 orc wizards
  11 hell rats
  Robin (D:3)
  11 adders
  6 gnolls
  3 howler monkey zombies
  5 shadow imps (D:7)
  3 white imps
  An ufetubus (D:5)
  An adder skeleton (D:4)
  2 worms
  A dart slug (D:1)
  43 orcs
  15 ball pythons
  3 bats (D:1)
  14 endoplasms
  15 giant cockroaches
  12 goblins
  10 hobgoblins
  10 jackals
  13 quokkas
  15 frilled lizards
  5 kobolds
  5 rats (D:1)
  A butterfly (Lair:4)
528 creatures vanquished.

Vanquished Creatures (collateral kills)
  A boulder beetle (D:11)
  A catoblepas (Lair:6)
  2 death yaks (Lair:6)
  A slime creature (D:11)
  A centaur (D:11)
  2 killer bees (D:9)
8 creatures vanquished.

Vanquished Creatures (others)
  A slime creature (D:11)
  10 ballistomycete spores (Lair:4)
  A bush (Lair:6)
  A fire vortex (Lair:5)
  84 fungi
  111 plants
208 creatures vanquished.

Grand Total: 744 creatures vanquished

Notes
Turn   | Place    | Note
-------+----------+-------------------------------------------
     0 | D:1      | Johnny the Human Berserker began the quest for the Orb.
     0 | D:1      | Reached XP level 1. HP: 18/18 MP: 1/1
   249 | D:1      | Reached XP level 2. HP: 22/24 MP: 2/2
   659 | D:1      | Reached XP level 3. HP: 29/29 MP: 3/3
  1175 | D:1      | Reached skill level 4 in Long Blades
  1271 | D:1      | Found a faded altar of an unknown god.
  1484 | D:2      | Found a stormy altar of Qazlal.
  1541 | D:2      | Reached XP level 4. HP: 30/35 MP: 4/4
  1628 | D:2      | Reached ** piety under Trog
  2469 | D:3      | Noticed Grinder
  2478 | D:3      | Killed Grinder
  2479 | D:3      | Reached skill level 5 in Long Blades
  2479 | D:3      | Reached XP level 5. HP: 43/43 MP: 5/5
  2479 | D:3      | Reached XP level 6. HP: 49/49 MP: 6/6
  2520 | D:3      | Noticed Robin
  2525 | D:3      | Killed Robin
  2627 | D:3      | Noticed Sigmund
  2637 | D:3      | Killed Sigmund
  2638 | D:3      | Reached skill level 5 in Fighting
  2638 | D:3      | Reached skill level 6 in Long Blades
  2638 | D:3      | Reached XP level 7. HP: 56/56 MP: 7/7
  2949 | D:4      | Found a staircase to the Ecumenical Temple.
  3116 | D:4      | Found a glowing drain.
  3147 | Sewer    | Entered a sewer
  3337 | Sewer    | Reached *** piety under Trog
  3701 | Sewer    | Reached skill level 7 in Long Blades
  3857 | Sewer    | Reached **** piety under Trog
  3867 | Sewer    | Reached XP level 8. HP: 50/63 MP: 8/8
  4529 | D:5      | Entered Level 5 of the Dungeon
  4592 | D:5      | Reached skill level 8 in Long Blades
  5575 | D:6      | Reached skill level 9 in Long Blades
  5584 | D:6      | Reached XP level 9. HP: 50/71 MP: 9/9
  5833 | D:6      | Noticed Menkaure
  5843 | D:6      | Killed Menkaure
  6001 | D:6      | Reached skill level 10 in Long Blades
  6272 | D:6      | Found a runed translucent gate.
  6273 | D:6      | Found a runed translucent gate.
  6274 | D:6      | Found a runed translucent gate.
  6296 | D:6      | Noticed AarnesTheHuman's ghost (novice BaFi)
  6501 | D:7      | Noticed Pikel
  6517 | D:7      | Killed Pikel
  6518 | D:7      | Reached skill level 11 in Long Blades
  6518 | D:7      | Reached XP level 10. HP: 80/80 MP: 10/10
  6533 | D:7      | Found a transporter.
  6562 | D:7      | Found a broken altar of Ashenzari.
  7344 | D:7      | Found a transporter.
  7530 | D:7      | Noticed a kobold demonologist
  7578 | D:7      | Reached ***** piety under Trog
  7750 | D:7      | Killed a kobold demonologist
  8276 | D:8      | Reached skill level 12 in Long Blades
  9300 | D:9      | Found a staircase to the Orcish Mines.
  9461 | D:9      | Noticed an efreet
  9470 | D:9      | Killed an efreet
  9991 | D:9      | Reached XP level 11. HP: 79/89 MP: 11/11
 10516 | D:9      | Noticed a six-headed hydra
 10528 | D:9      | Killed a two-headed hydra
 10529 | D:9      | Reached skill level 10 in Fighting
 10529 | D:9      | Reached skill level 13 in Long Blades
 10986 | D:10     | Entered Level 10 of the Dungeon
 11183 | D:10     | Noticed Maurice
 11192 | D:10     | Killed Maurice
 11621 | D:10     | Reached skill level 14 in Long Blades
 11896 | D:11     | Noticed Urug
 11905 | D:11     | Killed Urug
 12471 | D:11     | Reached XP level 12. HP: 90/100 MP: 12/12
 12651 | D:11     | Found a staircase to the Lair.
 12663 | D:11     | Paralysed by a hornet for 1 turns
 12679 | D:11     | Noticed a boulder beetle
 12695 | D:11     | Killed a boulder beetle
 12937 | D:11     | Identified the +6 war axe of Akhief {spect, Dex+4}
 12954 | D:11     | Reached skill level 15 in Long Blades
 13548 | D:11     | Noticed Erica
 13561 | D:11     | Killed Erica
 14041 | Lair:1   | Entered Level 1 of the Lair of Beasts
 14317 | Lair:1   | Noticed a six-headed hydra
 14331 | Lair:1   | Killed a one-headed hydra
 15037 | Lair:1   | Identified the +3 leather armour of Kudybbeu {rN+ Str+3}
 15180 | Lair:1   | Identified the +7 ring mail "Lyto Yno" {Str+2}
 15343 | Lair:2   | Noticed a catoblepas
 15833 | Lair:2   | Received a gift from Trog
 15880 | Lair:2   | Reached XP level 13. HP: 95/107 MP: 13/13
 16123 | Lair:2   | Killed a catoblepas
 16436 | Lair:2   | Reached skill level 5 in Armour
 16436 | Lair:2   | Reached skill level 5 in Dodging
 16444 | Lair:2   | Noticed a six-headed hydra
 16455 | Lair:2   | Killed a one-headed hydra
 16701 | Lair:2   | Found a runed translucent door.
 16701 | Lair:2   | Noticed Walther's ghost (journeyman MiFi)
 17094 | Lair:3   | Noticed Snorg
 17109 | Lair:3   | Killed Snorg
 18429 | Lair:4   | Found a staircase to the Snake Pit.
 18449 | Lair:4   | Reached skill level 16 in Long Blades
 18473 | Lair:4   | Noticed an eight-headed hydra
 18480 | Lair:4   | Killed a five-headed hydra
 18994 | Lair:4   | Found a staircase to the Shoals.
 19573 | Lair:5   | Reached XP level 14. HP: 90/116 MP: 14/14
 20801 | Lair:6   | Entered Level 6 of the Lair of Beasts
 20819 | Lair:6   | Received a gift from Trog
 21964 | Lair:6   | Found a viscous altar of Jiyva.
 21964 | Lair:6   | Found a staircase to the Slime Pits.
 22342 | Lair:6   | Noticed a dire elephant
 22353 | Lair:6   | Killed a dire elephant
 22651 | Orc:1    | Entered Level 1 of the Orcish Mines
 22651 | Orc:1    | Noticed Harold
 22666 | Orc:1    | Killed Harold
 22673 | Orc:1    | Reached XP level 15. HP: 67/125 MP: 15/15
 22726 | Orc:1    | Noticed Erolcha
 22743 | Orc:1    | Killed Erolcha
 23349 | Orc:2    | Entered Level 2 of the Orcish Mines
 23359 | Orc:2    | Found Ricleot's Antique Armour Shop.
 23735 | Orc:2    | Found Hoonuh's Antique Weapon Shoppe.
 23735 | Orc:2    | Noticed a stone giant
 23738 | Orc:2    | Noticed Donald
 23746 | Orc:2    | Killed a stone giant
 23752 | Orc:2    | HP: 2/125 [Donald (30)]
 23752 | Orc:2    | Slain by Donald

Illustrated notes

Levels and vault maps discovered:
D:1:      dpeg_arrival_stone_temple_mockup, layout_basic,
          shapermc_ecumenical_altar_starsandcircs, chequers_decorated_corner
D:2:      layout_basic, basic_altar
D:3:      layout_basic, serial_curves, eino_curves_01, eino_curves_03,
          eino_curves_04, uniq_sigmund, uniq_grinder, uniq_robin
D:4:      layout_gridville, minmay_temple_entry_proselytizer,
          gup_sewer_entry_glass
D:5:      layout_loops_ring
D:6:      layout_rooms, gammafunk_ghost_necromancy, kennysheep_generic_room_8,
          uniq_menkaure
D:7:      gammafunk_wand_slinger, layout_basic, evilmike_ruin_ashenzari,
          kennysheep_small_square, uniq_pikel
D:8:      layout_loops_corners, hangedman_misty_isle
D:9:      layout_gridville, erik_orc_4, special_room [special_room_bee],
          the_hattery
D:10:     layout_cave_pools, hex_tiny, serial_park_tiny_pond, uniq_maurice
D:11:     layout_cave_pods, due_lair_maze_entry_diamond, uniq_erica, uniq_urug
Lair:1:   layout_gridlike, st_stairs_4
Lair:2:   layout_hall_layers, ebering_ghost_inner_flame, grunt_megastairs_5
Lair:3:   layout_loops_ring, minivault_23, uniq_snorg
Lair:4:   layout_roguey, elwin_shoals_entry_rooms,
          minmay_snake_entry_guardpost_small, minmay_lair_oklob_chamber,
          lemuel_fruit_fields, serial_bayou_shore_b, infiniplex_staircase_pool
Lair:5:   layout_gridlike, small_statue_intersection
Lair:6:   grunt_lair_end_beastmaster, layout_long_grid,
          dpeg_slime_entry_enclosed_altar
Orc:1:    layout_caves, minmay_orc_keep, uniq_harold, uniq_erolcha
Orc:2:    grunt_orc_gardens, layout_caves, grunt_orc_garden, grunt_orc_garden,
          grunt_orc_garden, grunt_orc_garden, bh_open_orc_temple, uniq_donald

Skill      XL: |  1  2  3  4  5  6  7  8  9 10 11 12 13 14 15 |
---------------+----------------------------------------------+-----
Long Blades    | 4 5 6 7 9 11 12 14 15 16 | 16.9
Fighting       | 4 5 6 8 9 11 12 13 | 13.9
Armour         | 4 6 8 9 |  9.2
Dodging        | 4 6 8 9 |  9.2

Action                   |  1- 3 |  4- 6 |  7- 9 | 10-12 | 13-15 || total
-------------------------+-------+-------+-------+-------+-------++-------
Melee: Falchion          |    59 |       |       |       |       ||    59
       Dagger            |    65 |    75 |   392 |   230 |       ||   762
       Scimitar          |       |       |       |   267 |   568 ||   835
Throw: Throwing net      |       |       |       |     1 |     1 ||     2
Invok: Berserk           |     1 |     3 |     7 |    14 |    14 ||    39
       Trog's Hand       |       |     1 |     1 |     7 |     8 ||    17
       Brothers in Arms  |       |       |       |     1 |     2 ||     3
Evoke: Wand              |       |       |       |    33 |    14 ||    47
  Use: Scroll            |       |       |       |    11 |     8 ||    19
       Potion            |       |       |       |     1 |     1 ||     2
 Stab: Sleeping          |     2 |       |       |       |       ||     2
       Paralysed         |       |       |       |     3 |       ||     3
       Petrified         |       |       |       |       |     2 ||     2
Armor: Animal skin       |    36 |       |       |       |       ||    36
       Ring mail         |     9 |    10 |       |     7 |   260 ||   286
       Chain mail        |       |    20 |   184 |    30 |       ||   234
       Steam dragon scal |       |       |       |   177 |       ||   177
       Troll leather arm |       |       |       |       |    19 ||    19
Dodge: Dodged            |    75 |    21 |   150 |   276 |   358 ||   880
       Rpst.: Falchion   |    10 |       |       |       |       ||    10
       Scimitar          |       |       |       |    62 |    92 ||   154
